 Dungeon Crawl Stone Soup version 0.29-a0-284-gf9362112df (webtiles) character file.

Game seed: 15938479601824975344

1928 sokol815 the Tainter (level 9, -2/51 HPs)
             Began as an Octopode Venom Mage on Mar 14, 2022.
             Was an Initiate of Gozag.
             Killed from afar by a steam dragon (16 damage)
             ... with a ball of steam
             ... on level 7 of the Dungeon.
             The game lasted 00:25:48 (7787 turns).

sokol815 the Tainter (Octopode Venom Mage)          Turns: 7787, Time: 00:25:49

Health: -2/51      AC:  1    Str:  7    XL:     9   Next: 17%
Magic:  12/12      EV: 11    Int: 22    God:    Gozag
Gold:   470        SH: 13    Dex: 12    Spells: 8/12 levels left

rFire   . . .      SeeInvis .   a - +1 whip (elec)
rCold   . . .      Faith    .   b - +5 kite shield {reflect}
rNeg    . . .      Spirit   .   (helmet restricted)
rPois   .          Reflect  +   (no amulet)
rElec   .          Harm     .   Z - ring of wizardry {Wiz+, !d}
rCorr   .          Rampage  .   (no ring)
Will    .....                   (no ring)
Stlth   ++++......              (no ring)
HPRegen 0.17/turn               (no ring)
MPRegen 0.13/turn               (no ring)
                                (no ring)
                                (no ring)

@: gold aura
A: almost no armour, amphibious, 8 rings, camouflage 1, gelatinous body 1,
(nimble swimmer 1), tentacles
a: Renounce Religion, Potion Petition, Call Merchant, Bribe Branch


You were on level 7 of the Dungeon.
You worshipped Gozag.
Gozag was aware of your devotion.
You visited 2 branches of the dungeon, and saw 9 of its levels.
You also visited: Ossuary.

You collected 547 gold pieces.
You paid 77 gold pieces to Gozag.

Inventory:

Hand Weapons
 a - a +1 whip of electrocution (weapon)
   (You took it off an orc on level 3 of the Dungeon)
 c - a +0 dagger
   (You took it off a goblin on level 1 of the Dungeon)
 e - a +0 trident
   (You took it off an orc on level 3 of the Dungeon)
 g - a +2 dagger of freezing
   (You took it off an orc wizard on level 4 of the Dungeon)
 j - a +2 hand axe
   (You took it off a wight on level 8 of the Dungeon)
Missiles
 s - 88 stones
Armour
 b - a +5 kite shield of reflection (worn)
   (You found it on level 2 of the Dungeon)
Magical Staves
 f - a staff of earth
   (You took it off a hobgoblin on level 4 of the Dungeon)
 n - a staff of air {rElec}
   (You found it on level 8 of the Dungeon)
Jewellery
 Z - a ring of wizardry (left tentacle) {Wiz+, !d}
   (You found it on level 1 of the Dungeon)
Wands
 h - a wand of acid (7)
   (You found it on level 5 of the Dungeon)
 i - a wand of iceblast (5)
   (You took it off Pikel on level 4 of the Dungeon)
 q - a wand of flame (1)
   (You found it on level 4 of the Dungeon)
 y - a wand of mindburst (19)
   (You found it on level 4 of the Dungeon)
Scrolls
 m - a scroll of acquirement {unknown}
 Y - 3 scrolls of teleportation {@r3}
Potions
 d - 4 potions of attraction {!q}
 k - a potion of ambrosia {unknown}
 l - a potion of brilliance {unknown}
 J - a potion of curing {@q1}
 L - 3 potions of flight
 M - a potion of magic
 U - a potion of mutation {!q}


   Skills:
 - Level 5.0 Maces & Flails
 - Level 2.0 Dodging
 * Level 7.3 Stealth
 - Level 4.0 Shields
 - Level 2.0 Spellcasting
 + Level 4.4 Conjurations
 - Level 1.0 Transmutations
 - Level 3.0 Air Magic
 - Level 8.0 Poison Magic


You had 8 spell levels left.
You knew the following spells:

 Your Spells              Type           Power      Damage    Failure   Level
a - Sting                 Tmut/Pois      88%        1d7       2%          1
x - Mephitic Cloud        Conj/Pois/Air  24%        N/A       6%          3

Your spell library contained the following spells:

 Spells                   Type           Power      Damage    Failure   Level
 Poisonous Vapours        Pois/Air       52%        N/A       2%          2
 Olgreb's Toxic Radiance  Pois           37%        N/A       6%          4
 Portal Projectile        Hex/Tloc       4%         N/A       43%         3
 Summon Guardian Golem    Hex/Summ       2%         N/A       43%         3
 Hailstorm                Conj/Ice       12%        3d5       52%         4
 Ice Form                 Ice/Tmut       4%         N/A       75%         4
 Blade Hands              Tmut           3%         N/A       95%         5
 Excruciating Wounds      Necr           1%         N/A       98%         5
 Simulacrum               Ice/Necr       1%         N/A       100%        6
 Orb of Destruction       Conj           10%        9d6       100%        7
 Spellforged Servitor     Conj/Summ      6%         N/A       100%        7


Dungeon Overview and Level Annotations

Branches:
Dungeon (8/15)             Temple (1/1) D:5         Ossuary (visited)
   Lair: D:8-11

Altars:
Gozag
Makhleb
Nemelex Xobeh
Qazlal
The Shining One

Annotations:
D:2 Terence
D:4 exclusion: black bear
D:6 exclusion: jelly


Innate Abilities, Weirdness & Mutations

You cannot wear most types of armour.
You are amphibious.
You can wear up to eight rings at the same time.
Your skin changes colour to match your surroundings (Stealth+).
Your rubbery body absorbs attacks. (AC +1, EV +1)
((You are camouflaged when in or above water. (Stealth+)))
You have tentacles for arms and can constrict up to eight enemies at once.


Message History

Aim: a killer bee (wandering, hasn't noticed you, chance to affect: 86%)
The ball explodes into a vile cloud!
The stinking cloud engulfs the killer bee but does no damage.
The killer bee buzzes angrily.
You hear an angry buzzing noise. x2
You hear a shout! x4
The killer bee is engulfed in noxious fumes.
The killer bee appears confused.
A bullfrog comes into view.
The killer bee is engulfed in noxious fumes.
The killer bee appears confused.
You now have 9/12 mp.
The killer bee is engulfed in noxious fumes.
The killer bee appears confused.
You climb downwards.
There is a stone staircase leading up here.
There is a stone staircase leading up here.
You climb upwards.
There is a stone staircase leading down here.
Found a stone staircase leading up.
A sky beast comes into view.
MP restored: 12 You now have 470 gold pieces (gained 15).
An ice beast comes into view.
The ice beast moves out of view.
Aim: an ice beast (wandering, hasn't noticed you, chance to affect: 64%)
The ice beast's mind is blasted!
Aim: an ice beast (moderately wounded, chance to affect: 64%)
The ice beast struggles to resist.
You barely miss the ice beast. The ice beast closely misses you.
You hit the ice beast but do no damage. The ice beast barely misses you.
You hit the ice beast.
You squeeze the ice beast, but do no damage.
The ice beast hits you but does no damage.
You hit the ice beast but do no damage. The ice beast hits you.
The ice beast freezes you!
You take 11 damage, and have 40/51 hp.
MASSIVE DAMAGE!!
You completely miss the ice beast. You block the ice beast's attack.
The howler monkey howls!
You hit the ice beast. You hit the ice beast.
You block the ice beast's attack. x2
You closely miss the ice beast.
The howler monkey howls!
You squeeze the ice beast.
You hear an angry hiss.
You block the howler monkey's attack. You block the ice beast's attack.
You hit the ice beast but do no damage. Your squeeze misses the ice beast.
The howler monkey hits you.
You barely miss the ice beast. You block the ice beast's attack.
You block the howler monkey's attack.
The ice beast hits you but does no damage.
You hit the ice beast. Your squeeze misses the ice beast.
You block the ice beast's attack.
You closely miss the ice beast. You block the ice beast's attack.
You closely miss the ice beast. The howler monkey hits you!
The howler monkey hits you but does no damage.
You block the ice beast's attack.
You take 7 damage, and have 33/51 hp.
You hit the ice beast but do no damage. You squeeze the ice beast.
You block the howler monkey's attack. The howler monkey hits you!
The ice beast hits you. The ice beast freezes you.
A sky beast comes into view.
You take 15 damage, and have 18/51 hp.
MASSIVE DAMAGE!!
The ice beast attacks as you move away! You block the ice beast's attack.
The howler monkey closely misses you.
The howler monkey attacks as you move away!
The howler monkey hits you.
* * * LOW HITPOINT WARNING * * *
The howler monkey hoots and howls with incredible vigour!
You hear a shout! x2; You hear an angry buzzing noise.
You hear a shout! x2
You hear an angry buzzing noise.
You hear a shout! x2
You hear an angry buzzing noise.
You hear a loud, deep croak!
You hear a shout!
You hear an angry buzzing noise.
You hear a shout!
You hear an angry buzzing noise.
You hear a shout! x2
You take 5 damage, and have 14/51 hp.
Aim: a howler monkey The mass of ice explodes!
The iceblast engulfs the howler monkey!
The iceblast engulfs the howler monkey!!
You kill the howler monkey!
The iceblast engulfs the ice beast.
The ice beast partially resists.
You kill the ice beast!
The iceblast engulfs the steam dragon.
The sky beast flickers out of sight!
Deactivating autopickup; reactivate with Ctrl-A.
Training target 5.0 for Maces & Flails reached!
Your Maces & Flails skill increases to level 5!
Your Stealth skill increases to level 7!
The mass of ice explodes!
The iceblast engulfs the howler monkey!
You kill the howler monkey!
The iceblast engulfs the steam dragon.
Okay, then.
Aim: a steam dragon (moderately wounded, 71% to hit)
The bolt of acid hits the steam dragon!
The steam dragon barely misses you. You block the steam dragon's attack.
Aim: a steam dragon (severely wounded, 71% to hit)
The bolt of acid hits the steam dragon.
The acid corrodes the steam dragon!
The steam dragon breathes steam at you. The ball of steam hits you!
You die...
Your body crumbles into a pile of gold.

.............
......#
..<.............#.
.....#
.(................
.h..#
.................
..h#
#..............# ...
#.#....... ...# ...+
$ #..## #.#####..#
##..#
#######........#
##.# #......@D$.#
#.###......###.....#
###..........##
......#
#.##.............#
.......
#.....#######..#.#
....... ....#..#
#...#.........#
######.#
#..#.###........
#.####.##...
........ #>...#.
..........$


You could see a steam dragon (catching breath, corroded).

Vanquished Creatures
  Pikel (D:4)
  A wraith (Ossuary)
  2 steam dragons (D:8)
  An ice beast (D:7)
  A lemure (D:4)
  A phantom (D:4)
  A bullfrog (D:8)
  2 necrophages (D:5)
  2 scorpions
  A wight (D:8)
  3 howler monkeys
  A jelly (D:5)
  3 iguanas
  3 orc wizards
  A mummy (Ossuary)
  Robin (D:2)
  4 gnolls (D:8)
  9 adders
  A shadow imp (D:8)
  An ufetubus (D:4)
  2 worms (D:2)
  18 orcs
  5 endoplasms
  2 giant cockroaches (D:2)
  18 goblins
  11 hobgoblins
  6 jackals
  3 quokkas
  9 ball pythons
  4 bats
  A frilled lizard (D:1)
  5 gnoll skeletons (Ossuary)
  5 kobolds
  7 kobold skeletons (Ossuary)
  13 orc skeletons (Ossuary)
  2 quokka zombies (D:4)
  8 rats
159 creatures vanquished.

Notes
Turn   | Place    | Note
-------+----------+-------------------------------------------
     0 | D:1      | sokol815 the Octopode Venom Mage began the quest for the
                  | Orb.
     0 | D:1      | Reached XP level 1. HP: 11/11 MP: 3/3
    50 | D:1      | Reached skill level 4 in Poison Magic
   359 | D:1      | Reached XP level 2. HP: 17/17 MP: 3/5
   429 | D:1      | Found a faded altar of an unknown god.
  1494 | D:2      | Reached XP level 3. HP: 21/21 MP: 3/6
  1572 | D:2      | Reached skill level 1 in Shields
  1666 | D:2      | Reached skill level 5 in Poison Magic
  1667 | D:2      | Noticed Robin
  1809 | D:2      | Noticed Terence
  2067 | D:2      | Learned a level 3 spell: Mephitic Cloud
  2069 | D:2      | Found a glowing golden altar of the Shining One.
  2134 | D:2      | Killed Robin
  2135 | D:2      | Reached XP level 4. HP: 24/27 MP: 4/7
  2398 | D:2      | Reached skill level 2 in Shields
  2737 | D:3      | Reached skill level 1 in Air Magic
  2796 | D:3      | Reached skill level 1 in Conjurations
  2985 | D:3      | Reached XP level 5. HP: 19/31 MP: 4/8
  3892 | D:4      | Reached skill level 2 in Conjurations
  3892 | D:4      | Reached skill level 2 in Air Magic
  3931 | D:4      | Reached XP level 6. HP: 26/36 MP: 7/9
  4040 | D:4      | Found a sand-covered staircase.
  4060 | Ossuary  | Entered an ossuary
  4060 | Ossuary  | Noticed a wraith
  4060 | Ossuary  | Noticed a wraith
  4060 | Ossuary  | Noticed a wraith
  4151 | Ossuary  | Noticed a wraith
  4169 | Ossuary  | Killed a wraith
  4170 | Ossuary  | Reached skill level 3 in Conjurations
  4170 | Ossuary  | Reached skill level 3 in Air Magic
  4170 | Ossuary  | Reached skill level 6 in Poison Magic
  4584 | D:4      | Reached XP level 7. HP: 20/41 MP: 10/10
  4819 | D:4      | Noticed Pikel
  4840 | D:4      | HP: 9/41 [Pikel/+0 whip of flaming (11)]
  4840 | D:4      | HP: 3/41 [Pikel/+0 whip of flaming (6)]
  5157 | D:4      | Reached skill level 3 in Shields
  5289 | D:4      | Killed Pikel
  5290 | D:4      | Reached skill level 3 in Maces & Flails
  5290 | D:4      | Reached skill level 8 in Poison Magic
  5290 | D:4      | Reached XP level 8. HP: 25/46 MP: 2/11
  6152 | D:5      | Entered Level 5 of the Dungeon
  6166 | D:5      | Found a staircase to the Ecumenical Temple.
  6182 | Temple   | Entered the Ecumenical Temple
  6188 | Temple   | Became a worshipper of Gozag Ym Sagoz the Greedy
  6220 | D:5      | Reached skill level 4 in Maces & Flails
  6220 | D:5      | Reached skill level 3 in Stealth
  6506 | D:5      | Reached skill level 4 in Stealth
  6851 | D:5      | Reached skill level 5 in Stealth
  6944 | D:6      | You fall into a shaft and drop 2 floors!
  7286 | D:8      | HP: 9/46 [steam dragon (5)]
  7295 | D:8      | Reached skill level 6 in Stealth
  7295 | D:8      | Reached skill level 4 in Conjurations
  7578 | D:8      | Reached skill level 4 in Shields
  7578 | D:8      | Reached XP level 9. HP: 51/51 MP: 4/12
  7785 | D:7      | Reached skill level 5 in Maces & Flails
  7785 | D:7      | Reached skill level 7 in Stealth
  7787 | D:7      | Killed from afar by a steam dragon

Illustrated notes

Levels and vault maps discovered:
D:1:      dpeg_arrival_short_road, layout_basic,
          shapermc_ecumenical_altar_mp_urbaneastern, grunt_decor_mini_mirrors
D:2:      layout_rooms, basic_altar, uniq_terence, uniq_robin
D:3:      layout_loops_ring
D:4:      layout_loops_corners, enter_ossuary_4, uniq_pikel
D:5:      layout_rooms, minmay_temple_entry_large_hall, solitary_fountain
D:6:      layout_gridville, serial_shops, shop, dk_rats_in_the_wall
D:7:      cheibrodos_wizards_tower, layout_rooms, serial_shops, shop_fountains,
          kennysheep_diamond
D:8:      layout_cave_pools, kennysheep_cross_bottleneck, minmay_checkerbox
Temple:   nicolae_temple_the_god_donut

Skill      XL: |  1  2  3  4  5  6  7  8  9 |
---------------+----------------------------+-----
Poison Magic   | 4 5 6 8 |  8.0
Shields        | 1 2 3 4 |  4.0
Air Magic      | 1 2 3 |  3.0
Conjurations   | 1 2 3 4 |  4.4
Maces & Flails | 3 4 5 |  5.0
Stealth        | 6 7 |  7.3
Dodging        | |  2.0
Spellcasting   | |  2.0
Transmutations | |  1.0

Action                   |  1- 3 |  4- 6 |  7- 9 || total
-------------------------+-------+-------+-------++-------
Melee: Dagger            |    43 |    45 |       ||    88
       Constrict         |    13 |    34 |    18 ||    65
       Tentacles         |    12 |    26 |    30 ||    68
       Punch             |       |     3 |     2 ||     5
       Whip              |       |    88 |   116 ||   204
 Cast: Sting             |    42 |    59 |    31 ||   132
       Mephitic Cloud    |       |       |    18 ||    18
Evoke: Wand              |       |     9 |    10 ||    19
  Use: Scroll            |     4 |     7 |     2 ||    13
       Potion            |       |     5 |     3 ||     8
 Stab: Sleeping          |       |     2 |       ||     2
       Confused          |       |       |     7 ||     7
Armor: Skin              |     3 |     7 |     4 ||    14
Dodge: Dodged            |    19 |    54 |    44 ||   117
Block: Kite shield       |       |    17 |    22 ||    39

Table legend: (Time is in decaauts)
 A = Elapsed time spent in this place.
 B = Non-inter-level travel time spent in this place.
 C = Inter-level travel time spent in this place.
 D = Time resting spent in this place.
 E = Time spent auto-exploring this place.
 F = Levels seen in this place.
 G = Mean time per level.
                   A        B        C        D        E       F      G
               +--------+--------+--------+--------+--------+-----+--------+
         Total |   7819 |   7576 |    243 |   2326 |   3638 |  10 |  781.9 |
       Dungeon |   7357 |   7120 |    237 |   2210 |   3475 |   8 |  919.6 |
        Temple |     12 |      6 |      6 |      0 |      0 |   1 |   12.0 |
       Ossuary |    449 |    449 |      0 |    116 |    163 |   1 |  449.0 |
               +--------+--------+--------+--------+--------+-----+--------+

Top non-repeatable levels by time:
     D:4: 1831 daAuts
     D:1: 1793 daAuts
     D:3: 1209 daAuts
     D:2: 906 daAuts
     D:8: 783 daAuts
     D:5: 721 daAuts
 Ossuary: 449 daAuts
     D:7: 58 daAuts
     D:6: 53 daAuts
  Temple: 12 daAuts

Table legend:
 A = Kills in this place as a percentage of kills in entire the game.
 B = Kills by you in this place as a percentage of kills by you in the entire game.
 C = Kills by friends in this place as a percentage of kills by friends in the entire game.
 D = Other kills in this place as a percentage of other kills in the entire game.
 E = Experience gained in this place as a percentage of experience gained in the entire game.
 F = Experience gained in this place divided by the number of levels of this place that you have seen.
                   A       B       C       D       E      F
               +-------+-------+-------+-------+-------+----------------------
         Total | 100.0 | 100.0 |   N/A | 100.0 | 100.0 | 275.5
       Dungeon |  82.9 |  82.7 |   N/A | 100.0 |  91.0 | 313.4
       Ossuary |  17.1 |  17.3 |   N/A |   0.0 |   9.0 | 248.0
               +-------+-------+-------+-------+-------+----------------------
